 Dungeon Crawl Stone Soup version 0.21-a0-578-gc6e9d75 (webtiles) character file.

23 kae the Ruffian (level 2, 0/23 HPs)
             Began as a Draconian Transmuter on Dec 18, 2017.
             Succumbed to an adder's poison
             ... on level 1 of the Dungeon.
             The game lasted 00:00:51 (982 turns).

kae the Ruffian (Draconian Transmuter)               Turns: 982, Time: 00:00:52

Health: 0/23       AC:  4    Str: 12    XL:     2   Next: 72%
Magic:  5/5        EV: 12    Int: 13    God:
Gold:   41         SH:  0    Dex: 11    Spells: 2/5 levels left

rFire    . . .     SeeInvis .   e - +0 club
rCold    . . .     Gourm    .   (no shield)
rNeg     . . .     Faith    .   (armour unavailable)
rPois    .         Spirit   .   (helmet restricted)
rElec    .         Reflect  .   (no cloak)
rCorr    .         Harm     .   (no gloves)
MR       .....                  (no boots)
Stlth    +.........             (no amulet)
HPRegen  0.07/turn              (no ring)
MPRegen  0.09/turn              (no ring)

@: lethally poisoned (0 -> -10), appendage (expiring)
A: unfitting armour, horns 2, cold-blooded, AC +4
a: End Transformation


You were on level 1 of the Dungeon.
You were not hungry.
You had grown temporary horns.
You visited 1 branch of the dungeon, and saw 2 of its levels.

You collected 41 gold pieces.

Inventory:

Hand Weapons
 e - a +0 club (weapon)
Missiles
 a - 12 arrows
Scrolls
 f - a scroll of noise
Potions
 g - a potion of mutation {unknown}
 h - a potion of curing {unknown}
 j - a potion of heal wounds {unknown}
Books
 b - a book of Changes

   Spells                             Type                      Level
   a - Beastly Appendage              Transmutation                1
   b - Sticks to Snakes               Transmutation                2
   c - Spider Form                    Transmutation/Poison         3
   d - Ice Form                       Ice/Transmutation            4
   e - Blade Hands                    Transmutation                5
Comestibles
 c - 3 rations


   Skills:
 + Level 1.4 Fighting
 + Level 2.0 Dodging
 * Level 3.3 Unarmed Combat
 + Level 2.2 Spellcasting
 + Level 2.2 Transmutations


You had 2 spell levels left.
You knew the following spells:

 Your Spells              Type           Power        Failure   Level  Hunger
a - Beastly Appendage     Tmut           #.....       10%         1    ##.....
b - Sticks to Snakes      Tmut           #.......     14%         2    ###....


Dungeon Overview and Level Annotations

Branches:
Dungeon (2/15)

Altars:


Innate Abilities, Weirdness & Mutations

Your plain brown scales are hard. (AC +4)
You cannot fit into any form of body armour.
You are cold-blooded and may be slowed by cold attacks.
You have a pair of horns on your head.


Message History

The adder is heavily wounded.
The adder closely misses you. The frilled lizard closely misses you.
The adder bites you.
You are more poisoned.
The adder poisons you!
You miss the adder.
The adder is heavily wounded.
You feel sick. The frilled lizard closely misses you.
The adder barely misses you. The frilled lizard bites you.
You hit the adder but do no damage.
The adder is heavily wounded.
* * * LOW HITPOINT WARNING * * *
You feel sick. The adder bites you.
* * * LOW HITPOINT WARNING * * *
You are more poisoned.
The adder poisons you! The frilled lizard barely misses you.
The adder barely misses you.
You hit the adder but do no damage. You headbutt the adder.
The adder is severely wounded.
You die...

#.#######.##.# #. #.#.......##.#
#. #.#.########.# ########.
#######............# #........
......###.#..############.#######
......# #.#............##.#
......# #.#..#.#######.##.#
#########.#....S.#...#.##.#
................@..#.#.##.#
######.##.#...#.l..#.#.##.# .#
#.##.#...###..#....#.#
.#####.##.#...##...###..#.#
.#............###....#..#.#
.#.###.##.#[#......#.#..#.# .#.#
#.##.#.............#.# .#.#
#.##.######.#...#....# ...#
#.##......#.#####.####


You could see an adder and a frilled lizard.

Vanquished Creatures
  An ooze (D:1)
  2 leopard geckos (D:1)
  3 bats (D:1)
  A giant cockroach (D:1)
  A hobgoblin (D:1)
  A kobold (D:1)
  2 frilled lizards
  2 goblins (D:1)
  4 rats
17 creatures vanquished.

Notes
Turn   | Place    | Note
-------+----------+-------------------------------------------
     0 | D:1      | kae the Draconian Transmuter began the quest for the Orb.
     0 | D:1      | Reached XP level 1. HP: 16/16 MP: 3/3
    67 | D:1      | Reached XP level 2. HP: 10/23 MP: 5/5
   230 | D:1      | Learned a level 2 spell: Sticks to Snakes
   981 | D:1      | HP: 1/23 [adder (5)]
   982 | D:1      | Succumbed to an adder's poison

Vault maps used:
D:1:      minmay_arrival_open_corners
D:2:      hangedman_ru_absence, kennysheep_generic_room_7

Skill      XL: |  1  2 |
---------------+-------+-----
Dodging        | 2 |  2.0
Fighting       | |  1.4
Unarmed Combat | |  3.3
Spellcasting   | |  2.2
Transmutations | |  2.2

Action                   || total
-------------------------++-------
Melee: Unarmed           ||     9
       Club              ||    49
       Tailslap          ||     4
       Headbutt          ||     1
 Cast: Beastly Appendage ||     1
  Use: Scroll            ||     2
Armor: Skin              ||    24
Dodge: Dodged            ||    57

Table legend:
 A = Spawn XP
 B = Non-spawn XP
 C = Spawn XP percentage of total XP
 D = Spawn monster count
 E = Non-spawn monster count
 F = Spawn count percentage of total count
 G = Total turns spent on level
                    A         B        C        D         E        F      G
               +---------+---------+-------+---------+---------+-------+---------
         Total |       0 |      33 |   0.0 |       0 |      17 |   0.0 |   982
               +---------+---------+-------+---------+---------+-------+---------
           D:1 |       0 |      31 |   0.0 |       0 |      15 |   0.0 |   964
           D:2 |       0 |       2 |   0.0 |       0 |       2 |   0.0 |    18
               +---------+---------+-------+---------+---------+-------+---------
